 Dungeon Crawl Stone Soup version 0.31-a0-1591-g515db51633 (console) character file.

Game seed: 3034233748146014603

4934 petzl the Sneak (level 10, -1/74 HPs)
             Began as a Formicid Delver on Jan 7, 2024.
             Was a Follower of Vehumet.
             Hit by a large rock thrown by a cyclops (20 damage)
             ... on level 8 of the Dungeon.
             The game lasted 00:49:30 (10919 turns).

petzl the Sneak (Formicid Delver)                  Turns: 10919, Time: 00:49:31

Health: -1/74      AC:  7    Str: 22    XL:     10   Next: 81%
Magic:  17/17      EV: 13    Int: 15    God:    Vehumet [*.....]
Gold:   550        SH:  0    Dex: 15    Spells: 8/18 levels left

rFire   . . .        a - +3 sling (elec)
rCold   . . .        (no shield)
rNeg    . . .        B - +0 steam dragon scales
rPois   .            (helmet unavailable)
rElec   .            (no cloak)
rCorr   .            A - +0 pair of gloves
SInv    +            (no boots)
Will    +....        (no amulet)
Stlth   +++          w - +6 ring of strength
HPRegen 0.32/turn    (no ring)
MPRegen 0.15/turn

%: no passive effects
@: no status effects
A: permanent stasis, dig shafts and tunnels, antennae 3, four strong arms
a: Dig, Shaft Self, Renounce Religion


You were on level 8 of the Dungeon.
You worshipped Vehumet.
Vehumet was aware of your devotion.
You visited 2 branches of the dungeon, and saw 11 of its levels.
You also visited: Bailey.

You collected 550 gold pieces.

Inventory:

Hand Weapons
 a - a +3 sling of electrocution (weapon)
 b - the +3 whip "Poutuor" {drain, rPois rC+ Will+}
   (You found it on level 10 of the Dungeon)

   rC+:       It protects you from cold.
   rPois:     It protects you from poison Will+: It increases your willpower.
 c - a +1 flail of protection
 l - a +0 falchion of flaming
 F - the +9 dagger of Higrug Elak {heavy, rF+, !f =f}
   (You found it on level 6 of the Dungeon)

   rF+:       It protects you from fire.
 G - a +4 scimitar
Missiles
 i - 28 javelins
 E - 9 poisoned darts
Armour
 j - a +3 scale mail of fire resistance
 A - a +0 pair of gloves (worn)
 B - +0 steam dragon scales (worn)
Jewellery
 w - a +6 ring of strength (left hand)
Wands
 f - a wand of digging (2)
 n - a wand of roots (9)
 u - a wand of flame (6)
Scrolls
 d - 3 scrolls of revelation
 e - 3 scrolls of fear
 g - 2 scrolls of enchant armour
 m - a scroll of identify
 p - 5 scrolls of immolation
 v - a scroll of poison
 y - 3 scrolls of amnesia
 z - 3 scrolls of enchant weapon
 D - a scroll of fog
Potions
 h - 2 potions of curing {unknown}
 k - a potion of invisibility
 o - a potion of heal wounds
 q - a potion of haste {unknown}
 r - a potion of might
 s - 3 potions of enlightenment
 t - 2 potions of cancellation
 x - 2 potions of mutation
 C - a potion of resistance


   Skills:
 - Level 5.0 Fighting
 + Level 1.2 Short Blades
 + Level 2.2 Maces & Flails
 - Level 6.0 Ranged Weapons
 + Level 5.5 Armour
 + Level 4.3 Dodging
 - Level 6.0 Stealth
 + Level 4.9 Spellcasting
 * Level 5.6 Conjurations
 * Level 5.2 Fire Magic
 + Level 2.6 Ice Magic
 * Level 3.6 Air Magic
 - Level 2.0 Evocations


You had 8 spell levels left.
You knew the following spells:

 Your Spells              Type           Power      Damage    Failure   Level
a - Foxfire               Conj/Fire      80%        2x1d8     1%          1
b - Plasma Beam           Fire/Air       8%         2x1d19    99%         6
A - Ozocubu's Armour      Ice            11%        N/A       17%         3

Your spell library contained the following spells:

 Spells                   Type           Power      Damage    Failure   Level
 Sandblast                Erth           6%         2d5       17%         1
 Static Discharge         Conj/Air       34%        3-5/arc   3%          2
 Momentum Strike          Conj/Tloc      24%        3d8       8%          2
 Inner Flame              Hex/Fire       11%        N/A       17%         3
 Airstrike                Air            7%         2d(1-17)  36%         4
 Fugue of the Fallen      Necr           3%         N/A       45%         3
 Summon Lightning Spire   Summ/Air       9%         N/A       61%         4
 Dimensional Bullseye     Hex/Tloc       1%         N/A       86%         4
 Manifold Assault         Tloc           3%         N/A       86%         4
 Starburst                Conj/Fire      10%        6d5       95%         6
 Chain Lightning          Conj/Air       8%         3d11      100%        9
 Fire Storm               Conj/Fire      10%        8d3       100%        9
 Shatter                  Erth           1%         3d6*      100%        9


Dungeon Overview and Level Annotations

Branches:
Dungeon (10/15)            Temple (1/1) D:5          Bailey (visited)
   Lair: D:8-11         Orc: D:9-12

Altars:
Ashenzari
Cheibriados
Dithmenos
Elyvilon
Fedhas
Gozag
Hepliaklqana
Kikubaaqudgha
Makhleb
Nemelex Xobeh
Okawaru
Qazlal
Ru
Sif Muna
Trog
Uskayaw
Vehumet
Wu Jian
Zin
The Shining One

Shops:
D:2 [

Annotations:
D:2 Pargi
D:4 exclusion: upstairs, Edmund
D:5 exclusion: door
D:7 exclusion: downstairs
D:8 1 transporter, Gastronok
D:9 exclusion: two-headed ogre
D:10 exclusion: wyvern


Innate Abilities, Weirdness & Mutations

You cannot be hasted, slowed, berserked, paralysed or teleported.
You can dig through walls and to a lower floor.
You have a pair of large antennae on your head. (SInv)
Your four strong arms can wield two-handed weapons with a shield.


Message History

Aiming: Fastroot
Press: ? - help, Shift-Dir - straight line, f/p - cyclops
Aim: a cyclops, quivering large rocks (severely wounded)
The roots erupt in riotous growth!
Roots grab the cyclops.
The grasping roots constrict the cyclops.
You hear an angry hiss.
You hear two shouts!
The cyclops escapes!
Items here: )) [[.
Things that are here:
a +0 robe; a wyvern skeleton
There is a stone staircase leading down, spattered with blood here.
Gastronok looks at you and mumbles some strange words.
Your stasis prevents you from being slowed.
The cyclops throws a large rock.
The large rock completely misses you.
You shoot a sling bullet. The two-headed ogre shouts in stereo!
The sling bullet hits the two-headed ogre but does no damage.
Fire: a) +3 sling (elec)
Press: ? - help, Q - select action, (/) - cycle Shift-Dir - straight line, f - cyclops, p - two-headed ogre
Aim: a cyclops, quivering large rocks (severely wounded, 87% to hit)
You shoot a sling bullet. The sling bullet hits the cyclops.
Lightning courses through the cyclops!
The cyclops is almost dead.
Fire: a) +3 sling (elec)
Press: ? - help, Q - select action, (/) - cycle Shift-Dir - straight line, f/p - cyclops
Aim: a cyclops, quivering large rocks (almost dead, 87% to hit)
You shoot a sling bullet. The sling bullet hits the cyclops.
The cyclops is almost dead.
Gastronok waves his eye-stalks in wide circles.
The air twists around and strikes you.
The two-headed ogre hits you with a +0 giant club!!
The two-headed ogre hits you with a +0 giant spiked club!!
Are you sure you want to shaft yourself?
The two-headed ogre closely misses you. x2; The cyclops throws a large rock.
The large rock hits you!
* * * LOW HITPOINT WARNING * * *
You begin to dig a shaft.
You continue digging a shaft.
The cyclops throws a large rock.
The large rock hits you!!
You die...

#.#...#.#.#.#.##...#.#.8.#(...'....#.#
#.##.##.#.#C#.##...#.#.#.####.#....#.#
#.......#.#{#.##.{.#.8.#.# #.#....#.#
####.####.#.#.##...#.#.#.# #.#....#.#
..........#.#.##...#.#.8.# #.#....#.#
####.######>#.##...#.#.#.# #O#....#.#
#.......)...#.##...#.8.#.# #.#....#.#**
###########...#####..#∩#.# #.######+..#*
,,,,........#.# ##.#8#.# #o# *,,,....
~~~~~~~~~~~≈#.# #.###.####o# *,*,#?..
***,..######~.# *#..........# *,,,....
,,+,,,*,{..#~.#####...#.#.#.#.# *,*,#...
{,*..,*,#..#~.#.....#.......o.# *,,,....
,,*...###..#~.#.....#.#.#.#.#.# *,,,....
,,*........#~.#...............# **,,....
,,*........#~.#.....#w#.#.#.#.## *,.....
,,***#####'#~.#................####.{....
,,~~~#......~.#####O#.#[#.#.#.........o..
,,~8~#......~.[.[C..@.........#####......
,,~~~#+#####~.#######......#### *,.....
,,,,,,,,,{,#~..........##### *#+####
,,,,,,,,,{,#~########### #.#
,,,*,,***,,#~# #.#**# **,*,,*{*,,#≈#
#.##.. *,,*,,*,,,,#≈# #<...#
****,,*****#≈# #.#### ~~~~~~~~~~~≈#*
#)o{.. ************* ######


You could see Gastronok, a two-headed ogre and a cyclops.

Vanquished Creatures
  A two-headed ogre (D:8)
  Maurice (D:6)
  Grinder (D:3)
  A wyvern (D:8)
  A steam dragon (D:6)
  Menkaure (D:7)
  A water moccasin (D:7)
  Duvessa (D:7)
  10 orc warriors (Bailey)
  2 ice beasts (D:5)
  10 centaurs (Bailey)
  A phantom (D:6)
  A kobold brigand (D:8)
  A bullfrog (D:7)
  A scorpion (D:5)
  3 wights (D:8)
  Dowan (D:7)
  2 howler monkeys (D:7)
  4 hounds
  A jelly (D:5)
  2 orc priests
  Terence (D:3)
  3 iguanas
  4 orc wizards
  3 gnolls (D:2)
  8 adders
  4 shadow imps
  A white imp (D:5)
  3 ufetubi
  2 ribbon worms
  A dart slug (D:3)
  40 orcs
  9 ball pythons
  6 endoplasms
  3 giant cockroaches
  6 goblins
  6 hobgoblins
  3 jackals (D:1)
  8 kobolds
  5 quokkas
  6 bats
  8 frilled lizards
  7 rats
184 creatures vanquished.

Notes
Turn   | Place    | Note
-------+----------+-------------------------------------------
     0 | D:5      | petzl the Formicid Delver began the quest for the Orb.
     0 | D:5      | Reached XP level 1. HP: 18/18 MP: 1/1
   141 | D:6      | Reached skill level 1 in Spellcasting
   141 | D:6      | Reached XP level 2. HP: 18/24 MP: 1/4
   370 | D:3      | Learned a level 1 spell: Foxfire
   428 | D:3      | Found a glowing silver altar of Zin.
   569 | D:3      | Reached XP level 3. HP: 24/29 MP: 4/6
   611 | D:3      | Noticed Grinder
   834 | D:2      | Reached skill level 1 in Conjurations
   834 | D:2      | Reached XP level 4. HP: 31/35 MP: 7/7
  1293 | D:1      | Reached skill level 1 in Ranged Weapons
  2184 | D:2      | Reached XP level 5. HP: 41/41 MP: 8/8
  2282 | D:2      | Reached skill level 1 in Fire Magic
  2431 | D:2      | Found Ufoqos's Armour Boutique.
  2605 | D:3      | Reached skill level 1 in Evocations
  2752 | D:3      | Noticed Pargi
  2757 | D:3      | Reached skill level 1 in Armour
  2764 | D:3      | You fall into a shaft and drop 3 floors!
  3051 | D:3      | Killed Grinder
  3052 | D:3      | Reached XP level 6. HP: 48/48 MP: 9/9
  3052 | D:3      | Reached XP level 7. HP: 54/54 MP: 10/10
  3180 | D:2      | You fall into a shaft and drop 2 floors!
  3552 | D:3      | Noticed Terence
  3553 | D:3      | Killed Terence
  3803 | D:4      | Found an ornate altar of the Wu Jian Council.
  3834 | D:4      | Found a shadowy altar of Dithmenos.
  4183 | D:5      | Found a staircase to the Ecumenical Temple.
  4197 | Temple   | Entered the Ecumenical Temple
  4302 | D:5      | Got Mihicvof's Reference Book on the Entrancing Map
  4423 | D:5      | Found an ancient bone altar of Kikubaaqudgha.
  4425 | D:5      | Noticed Edmund
  4478 | D:4      | You fall into a shaft and drop 2 floors!
  4598 | D:6      | Noticed a steam dragon
  4897 | D:5      | Reached XP level 8. HP: 39/61 MP: 12/12
  5308 | D:5      | Found a hide-covered altar of Uskayaw.
  5310 | D:5      | Found a bloodstained altar of Trog.
  5312 | D:5      | Found a radiant altar of Vehumet.
  5327 | D:5      | Became a worshipper of Vehumet
  5474 | D:7      | Noticed Maurice
  5481 | D:7      | Maurice stole a +6 ring of strength
  5487 | D:6      | Maurice stole 5 javelins
  5488 | D:6      | Maurice stole a +0 falchion of flaming
  5489 | D:6      | Maurice stole 228 gold
  5492 | D:6      | You fall into a shaft and drop 1 floor!
  5756 | D:7      | Noticed Menkaure
  5832 | D:6      | Learned a level 6 spell: Plasma Beam
  5974 | D:6      | Identified the +9 dagger of Higrug Elak {heavy, rF+}
  6129 | D:6      | Found a burning altar of Makhleb.
  6182 | D:6      | Maurice stole 51 gold
  6188 | D:6      | Killed Maurice
  6189 | D:6      | Reached skill level 5 in Fighting
  6189 | D:6      | Reached skill level 1 in Air Magic
  6189 | D:6      | Reached XP level 9. HP: 30/68 MP: 11/14
  6492 | D:6      | Found a sparkling altar of Nemelex Xobeh.
  6749 | D:8      | Found a flagged portal.
  6790 | D:8      | Learned a level 3 spell: Ozocubu's Armour
  6791 | Bailey   | Entered a bailey
  7292 | Bailey   | Reached skill level 1 in Ice Magic
  7662 | Bailey   | Reached skill level 5 in Ranged Weapons
  7733 | Bailey   | Reached * piety under Vehumet
  7733 | Bailey   | Offered knowledge of Sandblast by Vehumet.
  7897 | Bailey   | Reached XP level 10. HP: 34/74 MP: 16/16
  8121 | Bailey   | Reached skill level 5 in Conjurations
  8126 | Bailey   | Reached skill level 5 in Armour
  8760 | D:8      | Noticed a cyclops
  8817 | D:9      | Noticed a two-headed ogre
  8900 | D:7      | Noticed Dowan
  8920 | D:7      | Noticed Duvessa
  9108 | D:7      | Killed Dowan
  9116 | D:7      | Killed Duvessa
  9149 | D:7      | Killed Menkaure
  9403 | D:8      | Noticed a two-headed ogre
  9529 | D:8      | Found a transporter.
  9547 | D:8      | Reached skill level 5 in Fire Magic
  9575 | D:8      | Found a sacrificial altar of Ru.
  9598 | D:8      | Noticed a two-headed ogre
  9638 | D:6      | You fall into a shaft and drop 2 floors!
  9939 | D:5      | You fall into a shaft and drop 3 floors!
 10240 | D:8      | Noticed Gastronok
 10324 | D:7      | You fall into a shaft and drop 3 floors!
 10324 | D:10     | Entered Level 10 of the Dungeon
 10553 | D:10     | Identified the +3 whip "Poutuor" {drain, rPois rC+ Will+}
 10868 | D:8      | Killed a two-headed ogre
 10869 | D:8      | Reached skill level 1 in Short Blades
 10919 | D:8      | Hit by a large rock thrown by a cyclops

Illustrated notes

Levels and vault maps discovered:
D:1:      matt_arrival_spirals, layout_loops_corners, minmay_tiny_reverse_x
D:2:      layout_loops_ring, serial_shops, shop
D:3:      layout_loops_ring, zin_scriptorium, hangedman_decor_diamond_cutter,
          hangedman_abyss_or_decor_lesser_grid, uniq_grinder, uniq_pargi,
          uniq_terence
D:4:      layout_basic, grunt_dithmenos_smoke, nicolae_wu_jian_wuxing_cycle
D:5:      minmay_octagon_keep, layout_cave_pools, kiku_gazebo_garden_becter,
          grunt_temple_overflow_diamond, lemuel_mausoleum_altar_yredelemnul,
          minmay_temple_entry_drinking_statues, serial_library,
          serial_library_hellmonk_semicircle,
          serial_library_hellmonk_small_corner,
          serial_library_hellmonk_reading_circle,
          serial_library_hellmonk_h_bend, serial_library_regret_index_multi,
          serial_library_hellmonk_small_corner,
          serial_library_hellmonk_recessed_alcove,
          serial_library_hellmonk_room_c, serial_library_hellmonk_room_b,
          serial_library_regret_index_small_wings,
          serial_library_hellmonk_narrow_alcove, uniq_edmund
D:6:      layout_loops_corners, amcnicky_altar_gilded,
          lemuel_coloured_pillars_altar
D:7:      layout_cave_pools, serial_column_ruins, column_ruins_courtyard_long,
          column_ruins_open_medium, column_ruins_open_small,
          column_ruins_open_small, column_ruins_open_small,
          hangedman_abyss_or_decor_passed, serial_library_hellmonk_room_c,
          uniq_maurice, uniq_duvessa, uniq_menkaure
D:8:      cheibrodos_ideogram_h, layout_basic, nicolae_ru_sacrificial_ziggurat,
          enter_bailey_8, serial_glass, glass_columns_c, glass_columns_a,
          nicolae_diode_basic, uniq_gastronok
D:9:      layout_basic
D:10:     layout_stronghold, xom_redecorated, ebering_ghost_xom,
          minmay_mirror_moons_of_madness
Temple:   hellmonk_temple_beads

Skill      XL: |  1  2  3  4  5  6  7  8  9 10 |
---------------+-------------------------------+-----
Spellcasting   | 1 2 3 4 |  4.9
Conjurations   | 1 2 3 4 5 |  5.6
Ranged Weapons | 1 2 3 4 5 6 |  6.0
Dodging        | 2 3 4 |  4.3
Fire Magic     | 1 2 3 4 5 |  5.2
Evocations     | 1 2 |  2.0
Armour         | 2 3 4 5 |  5.5
Fighting       | 4 5 |  5.0
Air Magic      | 1 2 3 |  3.6
Ice Magic      | 1 2 |  2.6
Short Blades   | 1 |  1.2
Maces & Flails | |  2.2
Stealth        | |  6.0

Action                     |  1- 3 |  4- 6 |  7- 9 | 10-12 || total
---------------------------+-------+-------+-------+-------++-------
  Melee: Mace              |    41 |       |       |       ||    41
         Falchion          |       |     3 |    12 |       ||    15
         Punch             |       |       |     2 |     2 ||     4
         Dagger            |       |       |    16 |    20 ||    36
         Whip              |       |       |       |    13 ||    13
   Fire: Sling             |     8 |   135 |   327 |   154 ||   624
  Throw: Dart              |       |       |       |     4 ||     4
   Cast: Ozocubu's Armour  |       |       |       |     1 ||     1
Ability: Shaft Self        |       |     1 |     3 |     4 ||     8
         Dig               |       |     1 |     6 |     4 ||    11
  Evoke: Wand              |       |       |    11 |    15 ||    26
    Use: Scroll            |       |     8 |    10 |     2 ||    20
         Potion            |       |     1 |       |     3 ||     4
   Stab: Sleeping          |       |       |     1 |       ||     1
 Armour: Leather armour    |     5 |       |       |       ||     5
         Ring mail         |    28 |    41 |    90 |       ||   159
         Steam dragon scal |       |       |    48 |    78 ||   126
  Dodge: Dodged            |    45 |    37 |   126 |    67 ||   275

Table legend: (Time is in decaauts)
 A = Elapsed time spent in this place.
 B = Non-inter-level travel time spent in this place.
 C = Inter-level travel time spent in this place.
 D = Time resting spent in this place.
 E = Time spent auto-exploring this place.
 F = Levels seen in this place.
 G = Mean time per level.
                   A        B        C        D        E       F      G
               +--------+--------+--------+--------+--------+-----+--------+
         Total |  11122 |  10344 |    778 |   2235 |   4347 |  12 |  926.8 |
       Dungeon |   9136 |   8358 |    778 |   1732 |   3916 |  10 |  913.6 |
        Temple |      1 |      1 |      0 |      0 |      0 |   1 |    1.0 |
        Bailey |   1984 |   1984 |      0 |    503 |    431 |   1 | 1984.0 |
               +--------+--------+--------+--------+--------+-----+--------+

Top non-repeatable levels by time:
  Bailey: 1984 daAuts
     D:6: 1575 daAuts
     D:5: 1381 daAuts
     D:1: 1250 daAuts
     D:3: 1177 daAuts
     D:8: 1137 daAuts
     D:7: 966 daAuts
     D:2: 729 daAuts
     D:4: 549 daAuts
    D:10: 293 daAuts
     D:9: 74 daAuts
  Temple: 1 daAuts
